 Dungeon Crawl Stone Soup version 0.28-a0-1518-gbe868bca14 (webtiles) character file.

Game seed: 4246806881059282005

29064 zazu2006 the Covert (level 13, -29/111 HPs)
             Began as a Naga Hedge Wizard on Jan 16, 2022.
             Was an Elder of Vehumet.
             Killed from afar by a frost giant (44 damage)
             ... with a bolt of cold
             ... in an ice cave on Jan 17, 2022.
             The game lasted 00:57:38 (18167 turns).

zazu2006 the Covert (Naga Hedge Wizard)            Turns: 18167, Time: 00:57:39

Health: -29/111    AC:  9    Str: 17    XL:     13   Next: 42%
Magic:  15/26      EV: 11    Int: 23    God:    Vehumet [****..]
Gold:   940        SH:  5    Dex: 12    Spells: 17/31 levels left

rFire   . . .      SeeInvis +   d - +4 scimitar
rCold   . . .      Faith    .   (no shield)
rNeg    . . .      Spirit   .   x - +0 troll leather armour {Pargi}
rPois   +          Reflect  +   r - +0 helmet
rElec   .          Harm     .   D - +0 cloak {rCorr}
rCorr   +          Rampage  .   (no gloves)
Will    +....                   (no barding)
Stlth   ++++......              l - amulet of reflection
HPRegen 1.08/turn               K - ring of the Witching Traitor {Str+3 Int+6}
MPRegen 0.20/turn               v - ring of wizardry

@: very slow
A: AC +4, large, see invisible, deformed body, poison resistance, slowness 2,
spit poison 1, naga tail 2
a: Spit Poison, Renounce Religion


You were in an ice cave.
You worshipped Vehumet.
Vehumet was greatly pleased with you.
You visited 3 branches of the dungeon, and saw 14 of its levels.
You also visited: Sewer and Ice Cave.

You collected 940 gold pieces.

Inventory:

Hand Weapons
 d - a +4 scimitar (weapon)
 i - a +1 long sword of flaming
 G - a +5 dagger of freezing
Missiles
 p - a throwing net
Armour
 r - a +0 helmet (worn)
 x - a +0 troll leather armour (worn) {Pargi}
 D - a +0 cloak of preservation (worn)
 E - +0 acid dragon scales
 I - +0 ice dragon scales
Jewellery
 k - a ring of positive energy
 l - an amulet of reflection (around neck)
 v - a ring of wizardry (right hand)
 w - a ring of protection from fire
 K - the ring of the Witching Traitor (left hand) {Str+3 Int+6}
   (You found it on level 2 of the Lair of Beasts)

   [ring of intelligence]

   Str:       It affects your strength (+3).
   Int:       It affects your intelligence (+6).
 L - an amulet of faith
Wands
 q - a wand of digging (6)
 s - a wand of iceblast (14)
 C - a wand of flame (23)
 M - a wand of polymorph (7)
Scrolls
 a - 3 scrolls of fear {unknown}
 b - 4 scrolls of vulnerability {unknown}
 c - a scroll of blinking {unknown}
 e - 5 scrolls of immolation {unknown}
 f - 3 scrolls of noise {unknown}
 g - 2 scrolls of fog
 h - 3 scrolls of identify
 m - a scroll of magic mapping
 n - 8 scrolls of teleportation
 y - a scroll of torment {unknown}
 A - a scroll of enchant armour {unknown}
 B - 2 scrolls of holy word {unknown}
Potions
 j - 2 potions of haste
 o - 2 potions of curing
 t - a potion of flight
 u - a potion of degeneration
 z - a potion of mutation
 H - a potion of attraction
 J - a potion of might
 N - a potion of magic
 O - 2 potions of invisibility {unknown}


   Skills:
 + Level 6.2 Fighting
 + Level 9.7 Long Blades
 + Level 4.2 Armour
 + Level 5.5 Dodging
 + Level 10.2 Stealth
 + Level 3.2 Shields
 + Level 9.6 Spellcasting
 + Level 8.2 Conjurations
 + Level 1.0 Summonings
 + Level 2.5 Translocations
 + Level 3.0 Fire Magic
 + Level 4.2 Air Magic
 + Level 9.5 Poison Magic
 + Level 1.3 Evocations


You had 17 spell levels left.
You knew the following spells:

 Your Spells              Type           Power      Damage    Failure   Level
a - Magic Dart            Conj           100%       1d8       1%          1
b - Mephitic Cloud        Conj/Pois/Air  44%        N/A       1%          3
c - Conjure Flame         Conj/Fire      37%        6-21      1%          3
d - Blink                 Tloc           44%        N/A       1%          2
e - Lightning Bolt        Conj/Air       19%        1d34      1%          5

Your spell library contained the following spells:

 Spells                   Type           Power      Damage    Failure   Level
 Inner Flame              Hex/Fire       18%        N/A       1%          3
 Static Discharge         Conj/Air       39%        N/A       1%          2
 Spider Form              Tmut/Pois      33%        N/A       1%          3
 Sticky Flame             Conj/Fire      37%        2d6       1%          4
 Beastly Appendage        Tmut           22%        N/A       2%          1
 Slow                     Hex            44%        N/A       2%          1
 Call Imp                 Summ           16%        N/A       2%          2
 Gell's Gravitas          Tloc           22%        N/A       3%          3
 Lesser Beckoning         Tloc           22%        N/A       3%          3
 Teleport Other           Tloc           22%        N/A       3%          3
 Wereblood                Tmut           11%        N/A       4%          2
 Summon Ice Beast         Ice/Summ       13%        N/A       22%         4
 Dispel Undead            Necr           11%        3d9       26%         4
 Manifold Assault         Tloc           22%        N/A       26%         5
 Summon Mana Viper        Hex/Summ       13%        N/A       50%         5
 Dispersal                Tloc           11%        N/A       80%         6
 Maxwell's Capacitive Co  Air            15%        ∞         99%         8
 Monstrous Menagerie      Summ           8%         N/A       100%        7


Dungeon Overview and Level Annotations

Branches:
Dungeon (9/15)             Temple (1/1) D:6            Lair (4/6) D:8
    Orc (0/2) D:9           Sewer (visited)           IceCv (1/1)
  Swamp: Lair:2-4    Shoals: Lair:2-4     Snake: Lair:2-4    Spider: Lair:2-4

Altars:
Ashenzari
Cheibriados
Dithmenos
Elyvilon
Fedhas
Gozag
Hepliaklqana
Makhleb
Nemelex Xobeh
Okawaru
Ru
Trog
Uskayaw
Vehumet
Wu Jian
Xom
Yredelemnul
Zin
The Shining One

Shops:
D:5 (   D:8 *

Annotations:
D:3 1 runed translucent door
Lair:1 3 runed translucent doors, Xos Poh's ghost, journeyman MiBe


Innate Abilities, Weirdness & Mutations

Your serpentine skin is tough. (AC +4)
You have supernaturally acute eyesight. (SInv)
Armour fits poorly on your strangely shaped body.
Your system is resistant to poisons. (rPois)
You cover ground very slowly.
You can spit poison.
You can use your snake-like lower body to constrict enemies.


Message History

Casting: Mephitic Cloud (safe; 1% risk of failure)
Confirm with . or Enter, or press ? or * to list all spells.
You blink.
The frost giant points at you and mumbles some strange words.
The bolt of cold hits you!!
* * * LOW HITPOINT WARNING * * *
You feel much better.
Casting: Blink (safe; 1% risk of failure)
Confirm with . or Enter, or press ? or * to list all spells.
Aiming: Mephitic Cloud (safe; 1% risk of failure)
Press: ? - help, Shift-Dir - straight line, f/p - frost giant
Aim: a frost giant, wielding a +4 battleaxe of freezing (translocational energy, lightly wounded, chance to affect: 24%)
The ball explodes into a vile cloud!
The stinking cloud engulfs the frost giant but does no damage.
The frost giant is lightly wounded.
You hear a bellow!
Casting: Mephitic Cloud (safe; 1% risk of failure)
Confirm with . or Enter, or press ? or * to list all spells.
You are still too unstable to blink.
Unknown command.
You feel much better.
You feel stable enough to blink again.
The frost giant hits you with a +4 battleaxe of freezing!!
* * * LOW HITPOINT WARNING * * *
The frost giant freezes you.
* * * LOW HITPOINT WARNING * * *
Casting: Blink (safe; 1% risk of failure)
Confirm with . or Enter, or press ? or * to list all spells.
Aiming: Mephitic Cloud (safe; 1% risk of failure)
Press: ? - help, Shift-Dir - straight line, f/p - frost giant
Aim: a frost giant, wielding a +4 battleaxe of freezing (lightly wounded, chance to affect: 24%)
The ball explodes into a vile cloud!
The stinking cloud engulfs the frost giant but does no damage.
The frost giant is lightly wounded.
The stinking cloud engulfs you but does no damage.
You hear a bellow!
You hear a howl!
The frost giant is engulfed in noxious fumes.
The frost giant casts a spell at you. The bolt of cold hits you!!!
You die...

##.†.##....###
######§§# #..#########
######.###..# ##...###
##)..#.#.##.##
##....## #..⌠..###C.##
##....######...##..###
###.....#####○☼##Y..#
#≈
##.....####.§###.Yh#
≈≈≈## ###....#.C§##
.C..# ≈≈≈≈≈≈###
###...@### .Yh##
#≈≈≈≈≈≈≈≈##..#####
.### ≈≈≈≈≈≈≈..#.# .$
##≈≈≈≈≈≈#### #)
#≈≈#≈### ## ##


You could see a frost giant.

Vanquished Creatures
  A catoblepas (Lair:3)
  8 death yaks
  Pikel (D:4)
  2 ugly things
  2 black mambas (Lair:1)
  An ice statue (IceCv)
  7 cane toads
  Maggie (D:8)
  An unseen horror (D:8)
  A rime drake (Lair:2)
  2 ice devils (Lair:4)
  3 komodo dragons
  9 polar bears (IceCv)
  A hornet (D:9)
  Grinder (D:4)
  2 blink frogs (Lair:2)
  Sigmund (D:4)
  6 wyverns
  50 yaks
  A basilisk (Lair:2)
  11 water moccasins
  Pargi (Sewer)
  2 ice beasts
  2 sky beasts
  2 orc warriors (D:9)
  3 necrophages
  An ogre (D:5)
  13 wolves (IceCv)
  A lemure (D:4)
  2 centaurs
  2 phantoms
  9 bullfrogs
  5 scorpions
  A water moccasin zombie (D:6)
  9 killer bees
  7 wights
  2 howler monkeys
  A vampire bat (D:5)
  A centaur zombie (D:9)
  A lava snake (D:7)
  2 hounds (D:5)
  An iron imp (D:6)
  3 jellies
  Crazy Yiuf (D:7)
  8 orc priests
  A gnoll shaman (D:4)
  3 bullfrog skeletons
  An iguana (D:5)
  A centaur skeleton (D:7)
  Ijyb (D:3)
  16 orc wizards
  A hound skeleton (D:4)
  Robin (D:3)
  5 adders
  3 gnolls (D:5)
  A shadow imp (D:8)
  A white imp (D:6)
  4 ufetubi
  2 worms
  A dart slug (D:2)
  3 fire bats (D:5)
  32 orcs
  2 spectral bats (D:5)
  5 ball pythons
  17 bats
  3 bat skeletons (D:5)
  A bat zombie (D:5)
  7 endoplasms
  7 giant cockroaches
  17 goblins
  17 hobgoblins
  12 quokkas
  A bat simulacrum (D:5)
  2 frilled lizards
  A goblin zombie (D:3)
  A jackal zombie (D:3)
  10 kobolds
  A kobold skeleton (D:3)
  5 rats
  A toadstool (D:1)
379 creatures vanquished.

Vanquished Creatures (collateral kills)
  An adder (D:3)
1 creature vanquished.

Vanquished Creatures (others)
  A lava snake (D:7)
  21 fungi
  39 plants
  3 toadstools (D:1)
64 creatures vanquished.

Grand Total: 444 creatures vanquished

Notes
Turn   | Place    | Note
-------+----------+-------------------------------------------
     0 | D:1      | zazu2006 the Naga Hedge Wizard began the quest for the Orb.
     0 | D:1      | Reached XP level 1. HP: 15/15 MP: 4/4
   208 | D:1      | Reached XP level 2. HP: 16/22 MP: 0/6
   934 | D:1      | Reached XP level 3. HP: 28/28 MP: 5/8
  2165 | D:2      | Reached XP level 4. HP: 33/36 MP: 2/9
  2691 | D:2      | Found a faded altar of an unknown god.
  2791 | D:3      | Noticed Robin
  2801 | D:3      | Killed Robin
  2811 | D:2      | Learned a level 3 spell: Mephitic Cloud
  2815 | D:2      | Learned a level 3 spell: Conjure Flame
  2818 | D:2      | Learned a level 2 spell: Blink
  3485 | D:3      | Found a broken altar of Ashenzari.
  3529 | D:3      | Reached XP level 5. HP: 42/42 MP: 8/11
  3645 | D:3      | Noticed a sky beast
  3669 | D:3      | Killed a sky beast
  3670 | D:3      | Reached skill level 1 in Armour
  3670 | D:3      | Reached skill level 1 in Poison Magic
  3845 | D:3      | Reached XP level 6. HP: 35/50 MP: 7/12
  3996 | D:3      | Found a glowing golden altar of the Shining One.
  4058 | D:3      | Noticed a human
  4059 | D:3      | Found a runed translucent door.
  4118 | D:3      | Found a basalt altar of Yredelemnul.
  4140 | D:3      | Noticed Ijyb
  4153 | D:3      | Killed Ijyb
  4996 | D:4      | Noticed a water moccasin
  5006 | D:4      | Killed a water moccasin
  5167 | D:4      | Reached XP level 7. HP: 55/56 MP: 7/13
  5228 | D:4      | Noticed Pikel
  5291 | D:4      | Killed Pikel
  5292 | D:4      | Reached skill level 5 in Stealth
  5292 | D:4      | Reached skill level 5 in Spellcasting
  5292 | D:4      | Reached skill level 1 in Air Magic
  5292 | D:4      | Reached XP level 8. HP: 54/63 MP: 7/16
  5294 | D:4      | Noticed Sigmund
  5315 | D:4      | Killed Sigmund
  5316 | D:4      | Reached skill level 1 in Fighting
  5425 | D:4      | Found a bloodstained altar of Trog.
  5858 | D:4      | Found an ornate altar of the Wu Jian Council.
  5956 | D:4      | Noticed Grinder
  5962 | D:4      | Killed Grinder
  5963 | D:4      | Reached skill level 1 in Shields
  5963 | D:4      | Reached skill level 5 in Poison Magic
  6142 | D:5      | Entered Level 5 of the Dungeon
  6148 | D:5      | Reached skill level 6 in Stealth
  6587 | D:4      | Reached skill level 5 in Conjurations
  6587 | D:4      | Reached XP level 9. HP: 20/70 MP: 1/18
  7227 | D:5      | Found Astaeg's Weapon Shop.
  7484 | D:5      | Reached skill level 1 in Evocations
  8675 | D:6      | Found a glowing drain.
  8712 | Sewer    | Entered a sewer
  8763 | Sewer    | Noticed Pargi
  8774 | Sewer    | Killed Pargi
  9051 | D:6      | Found a staircase to the Ecumenical Temple.
  9064 | Temple   | Entered the Ecumenical Temple
  9078 | Temple   | Became a worshipper of Vehumet
  9125 | D:6      | Found a snail-covered altar of Cheibriados.
  9313 | D:6      | Found a glowing silver altar of Zin.
 10071 | D:6      | Reached XP level 10. HP: 30/80 MP: 6/20
 10253 | D:7      | Reached * piety under Vehumet
 10253 | D:7      | Offered knowledge of Foxfire by Vehumet.
 10600 | D:7      | Found a hide-covered altar of Uskayaw.
 10669 | D:7      | Reached skill level 1 in Long Blades
 10958 | D:7      | Found a sparkling altar of Nemelex Xobeh.
 11138 | D:7      | Found a runed translucent door.
 11139 | D:7      | Noticed Crazy Yiuf
 11147 | D:7      | Killed Crazy Yiuf
 11439 | D:8      | Found a staircase to the Lair.
 11788 | D:8      | Reached skill level 1 in Fire Magic
 11792 | D:8      | Noticed Maggie
 11936 | D:8      | Noticed an unseen horror
 11947 | D:8      | Found an opulent altar of Gozag.
 11957 | D:8      | Killed an unseen horror
 12020 | D:8      | Found Gozag's Platinum Reserve.
 12259 | D:8      | Killed Maggie
 12260 | D:8      | Reached skill level 7 in Stealth
 12260 | D:8      | Reached XP level 11. HP: 52/90 MP: 18/23
 12480 | D:9      | Noticed a white ugly thing
 12490 | D:9      | Killed a white ugly thing
 12616 | D:9      | Reached ** piety under Vehumet
 12622 | D:9      | Offered knowledge of Searing Ray by Vehumet.
 12639 | D:9      | Reached skill level 5 in Long Blades
 12708 | D:9      | Found a staircase to the Orcish Mines.
 13230 | Lair:1   | Entered Level 1 of the Lair of Beasts
 13397 | Lair:1   | Noticed Xos Poh's ghost (journeyman MiBe)
 13732 | Lair:1   | Reached skill level 8 in Stealth
 13742 | Lair:1   | Offered knowledge of Poisonous Vapours by Vehumet.
 13942 | Lair:1   | Found a runed translucent gate.
 13942 | Lair:1   | Found a runed translucent gate.
 13943 | Lair:1   | Found a runed translucent gate.
 13973 | Lair:1   | Noticed a minotaur
 14285 | Lair:2   | Reached *** piety under Vehumet
 14286 | Lair:2   | Reached skill level 5 in Dodging
 14668 | Lair:2   | Reached XP level 12. HP: 100/100 MP: 22/24
 14707 | Lair:2   | Identified the ring of the Witching Traitor {Str+3 Int+6}
 15341 | Lair:3   | Offered knowledge of Airstrike by Vehumet.
 15651 | Lair:3   | Noticed a catoblepas
 15693 | Lair:3   | Killed a catoblepas
 15694 | Lair:3   | Reached skill level 5 in Fighting
 15803 | Lair:3   | Noticed a death yak
 15813 | Lair:3   | Noticed a death yak
 15814 | Lair:3   | Noticed a death yak
 15814 | Lair:3   | Noticed a death yak
 15815 | Lair:3   | Killed a death yak
 15815 | Lair:3   | Noticed a death yak
 15816 | Lair:3   | Noticed a death yak
 15829 | Lair:3   | Killed a death yak
 15975 | Lair:3   | Learned a level 5 spell: Lightning Bolt
 16199 | Lair:3   | Killed a death yak
 16227 | Lair:3   | Killed a death yak
 16234 | Lair:3   | Killed a death yak
 16250 | Lair:3   | Killed a death yak
 16618 | Lair:4   | Found a frozen archway.
 16719 | IceCv    | Entered an ice cave
 16762 | IceCv    | Reached skill level 9 in Stealth
 16822 | IceCv    | Gained mutation: You can use your snake-like lower body to
                  | constrict enemies. [Naga growth]
 16822 | IceCv    | Reached XP level 13. HP: 78/110 MP: 17/26
 16830 | IceCv    | Reached **** piety under Vehumet
 16901 | IceCv    | Offered knowledge of Inner Flame by Vehumet.
 17807 | IceCv    | Reached skill level 10 in Stealth
 18138 | IceCv    | Noticed a frost giant
 18163 | IceCv    | HP: 3/111 [frost giant/bolt of cold (34)]
 18167 | IceCv    | Killed from afar by a frost giant

Illustrated notes

Levels and vault maps discovered:
D:1:      ldierk_water_garden, layout_basic, minmay_unequal
D:2:      cheibrodos_old_hovel, layout_basic,
          hellmonk_ecumenical_altar_inner_sanctum
D:3:      layout_basic, tso_altar, evilmike_ruin_ashenzari,
          dk_yredelemnul_ordeal, uniq_robin, uniq_ijyb
D:4:      layout_loops_ring, nzn_wu_jian_contemplation,
          mainiacjoe_overflow_surrounded_room, kennysheep_small_square,
          uniq_sigmund, uniq_pikel, uniq_grinder
D:5:      minmay_inner_zag, layout_rooms, serial_shops,
          nicolae_shop_advertising_works [nicolae_subvault_shop_adworks],
          goddamned_bats
D:6:      layout_basic, slow_altar_1, overflow_temple_1_default,
          minmay_temple_entry_trees, gup_sewer_entry_pipe
D:7:      layout_loops_ring, nemelex_spade_bored_becter,
          nicolae_uskayaw_suspiria, minmay_a_box_with_orc_wizards_in_it,
          uniq_crazy_yiuf_cottage
D:8:      layout_gridville, nicolae_gozag_zags_fifth_avenue,
          minmay_lair_entry_grove, uniq_maggie
D:9:      layout_rooms, erik_orc_3
Temple:   nicolae_temple_x_marks_the_god
Lair:1:   layout_regular_city, maelrawn_ghost_gauntlet_escape
Lair:2:   layout_chaotic_city
Lair:3:   layout_regular_city
Lair:4:   layout_regular_city, elwin_shoals_entry_rocks,
          spider_nest_entry_rubble, portal_ice_cave_demonic_guard
IceCv:    ice_cave_caverns_01

Skill      XL: |  1  2  3  4  5  6  7  8  9 10 11 12 13 |
---------------+----------------------------------------+-----
Spellcasting   | 4 5 6 7 8 9 |  9.6
Conjurations   | 2 3 4 5 6 7 8 |  8.2
Armour         | 1 2 3 4 |  4.2
Dodging        | 2 3 4 5 |  5.5
Poison Magic   | 2 3 4 5 7 8 9 |  9.5
Stealth        | 5 6 7 8 9 10 | 10.2
Air Magic      | 1 2 3 4 |  4.2
Fighting       | 1 3 4 5 6 |  6.2
Shields        | 1 2 3 |  3.2
Evocations     | 1 |  1.3
Long Blades    | 4 6 8 9 |  9.7
Fire Magic     | 1 3 |  3.0
Translocations | 2 |  2.5
Summonings     | |  1.0

Action                   |  1- 3 |  4- 6 |  7- 9 | 10-12 | 13-15 || total
-------------------------+-------+-------+-------+-------+-------++-------
Melee: Dagger            |    37 |    27 |   212 |       |       ||   276
       Punch             |       |       |     5 |    11 |     4 ||    20
       Falchion          |       |       |    14 |    59 |       ||    73
       Scimitar          |       |       |       |   446 |   144 ||   590
       Constrict         |       |       |       |       |    35 ||    35
 Cast: Magic Dart        |    97 |   126 |   280 |   156 |     3 ||   662
       Conjure Flame     |       |     2 |     2 |    36 |     9 ||    49
       Mephitic Cloud    |       |     4 |    24 |    71 |    17 ||   116
       Blink             |       |       |       |    11 |     3 ||    14
       Lightning Bolt    |       |       |       |     4 |       ||     4
 Abil: Spit Poison       |    15 |    20 |    33 |    29 |     1 ||    98
Evoke: Wand              |       |       |    13 |     4 |       ||    17
  Use: Potion            |       |       |     2 |     7 |     4 ||    13
       Scroll            |       |       |       |     2 |     6 ||     8
 Stab: Confused          |       |     2 |    14 |    22 |    10 ||    48
       Sleeping          |       |       |     1 |     2 |       ||     3
Armor: Robe              |     5 |       |       |       |       ||     5
       Leather armour    |     1 |    10 |    91 |       |       ||   102
       Skin              |       |       |    11 |     9 |       ||    20
       Troll leather arm |       |       |    31 |   141 |    27 ||   199
       Ice dragon scales |       |       |       |       |     1 ||     1
Dodge: Dodged            |    22 |    31 |   161 |   255 |    52 ||   521
Block: Other             |     3 |    14 |    89 |   112 |    27 ||   245
       Reflection        |     2 |       |     1 |     2 |       ||     5

Table legend: (Time is in decaauts)
 A = Elapsed time spent in this place.
 B = Non-inter-level travel time spent in this place.
 C = Inter-level travel time spent in this place.
 D = Time resting spent in this place.
 E = Time spent auto-exploring this place.
 F = Levels seen in this place.
 G = Mean time per level.
                   A        B        C        D        E       F      G
               +--------+--------+--------+--------+--------+-----+--------+
         Total |  21798 |  21123 |    675 |   2589 |  13393 |  16 | 1362.4 |
       Dungeon |  15627 |  15086 |    541 |   1478 |  10350 |   9 | 1736.3 |
        Temple |     33 |     20 |     13 |      0 |      4 |   1 |   33.0 |
          Lair |   4348 |   4227 |    121 |    548 |   2736 |   4 | 1087.0 |
         Sewer |    149 |    149 |      0 |      0 |     51 |   1 |  149.0 |
      Ice Cave |   1640 |   1640 |      0 |    563 |    250 |   1 | 1640.0 |
               +--------+--------+--------+--------+--------+-----+--------+

Top non-repeatable levels by time:
     D:5: 2254 daAuts
     D:4: 2122 daAuts
     D:1: 2035 daAuts
     D:6: 1972 daAuts
     D:3: 1958 daAuts
   IceCv: 1640 daAuts
     D:2: 1589 daAuts
     D:8: 1511 daAuts
  Lair:3: 1487 daAuts
  Lair:2: 1467 daAuts
  Lair:1: 1240 daAuts
     D:7: 1189 daAuts
     D:9: 993 daAuts
  Lair:4: 153 daAuts
   Sewer: 149 daAuts
